 Dungeon Crawl Stone Soup version 0.21.1-1-g345015f (webtiles) character file.

7793 grey1 the Blocker (level 11, -11/89 HPs)
             Began as a Formicid Fighter on Apr 29, 2018.
             Was a High Priest of Okawaru.
             Killed from afar by a fire dragon (35 damage)
             ... with a blast of flame
             ... on level 9 of the Dungeon.
             The game lasted 00:18:26 (9182 turns).

grey1 the Blocker (Formicid Fighter)                Turns: 9182, Time: 00:18:26

Health: -11/89     AC: 22    Str: 23 (24) XL:     11   Next: 43%
Magic:  10/11      EV: 10    Int:  8      God:    Okawaru [*****.]
Gold:   362        SH: 24    Dex: 12      Spells: 10/10 levels left

rFire    . . .     SeeInvis +   a - +4 morningstar
rCold    . . .     Gourm    .   F - +0 large shield
rNeg     + . .     Faith    .   E - +0 plate armour
rPois    +         Spirit   .   (helmet unavailable)
rElec    .         Reflect  +   m - +1 cloak
rCorr    .         Harm     .   r - +0 pair of gloves
MR       +....                  t - +0 pair of boots
Stlth    ..........             i - +3 amulet of reflection
HPRegen  0.24/turn              (no ring)
MPRegen  0.12/turn              M - ring of positive energy

@: heroism
A: permanent stasis, dig shafts and tunnels, four strong arms, antennae 3, thin
skeletal structure 1, deterioration 1, poison resistance
a: Dig, Shaft Self, Heroism, Finesse, Renounce Religion


You were on level 9 of the Dungeon.
You worshipped Okawaru.
Okawaru was extremely pleased with you.
You were hungry.

You visited 2 branches of the dungeon, and saw 10 of its levels.

You collected 420 gold pieces.
You spent 58 gold pieces at shops.

Inventory:

Hand Weapons
 a - a +4 morningstar (weapon)
 q - a +0 shortbow
Missiles
 v - 82 bolts
 A - 126 arrows
 B - 18 tomahawks (quivered)
 L - 5 exploding tomahawks
Armour
 m - a +1 cloak (worn)
 r - a +0 pair of gloves (worn)
 t - a +0 pair of boots (worn)
 E - a +0 plate armour (worn)
 F - a +0 large shield (worn)
Jewellery
 i - a +3 amulet of reflection (around neck)
 J - a -3 ring of dexterity
 M - a ring of positive energy (right hand)
Wands
 c - a wand of acid (5)
 k - a wand of disintegration (11)
 n - a wand of flame (30)
Scrolls
 e - 3 scrolls of blinking {unknown}
 g - 3 scrolls of enchant armour {unknown}
 h - 6 scrolls of remove curse
 j - 5 scrolls of teleportation {unknown}
 l - 2 scrolls of magic mapping {unknown}
 p - 9 scrolls of identify {unknown}
 s - 8 scrolls of amnesia {unknown}
 x - a scroll of fog {unknown}
 C - a scroll of random uselessness {unknown}
 O - a scroll of enchant weapon {unknown}
Potions
 b - 2 potions of magic {unknown}
 d - 2 potions of might
 o - 2 potions of lignification
 u - 4 potions of brilliance
 z - a potion of experience {unknown}
 G - 2 potions of haste
 H - a potion of berserk rage {unknown}
 I - 2 potions of agility {unknown}
 K - 3 potions of flight
Books
 w - a book of Cantrips

   Spells                             Type                      Level
   a - Confusing Touch                Hexes                        1
   b - Animate Skeleton               Necromancy                   1
   c - Summon Small Mammal            Summoning                    1
   d - Apportation                    Translocation                1
 y - a book of Cantrips

   Spells                             Type                      Level
   a - Confusing Touch                Hexes                        1
   b - Animate Skeleton               Necromancy                   1
   c - Summon Small Mammal            Summoning                    1
   d - Apportation                    Translocation                1
Miscellaneous
 N - a phantom mirror
Comestibles
 f - 12 rations


   Skills:
 + Level 9.4(14.4) Fighting
 + Level 8.3(13.3) Maces & Flails
 + Level 9.4(14.4) Armour
 * Level 12.1(17.1) Shields


You had 10 spell levels left.
You didn't know any spells.

Dungeon Overview and Level Annotations

Branches:
Dungeon (9/15)             Temple (1/1) D:6
   Lair: D:8-11         Orc: D:9-12

Altars:
Ashenzari
Cheibriados
Dithmenos
Elyvilon
Fedhas
Gozag
Hepliaklqana
Kikubaaqudgha
Makhleb
Nemelex Xobeh
Okawaru
Qazlal
Ru
Sif Muna
Trog
Uskayaw
Vehumet
Wu Jian
Xom
Yredelemnul
Zin
The Shining One

Shops:
D:4 }   D:7 [   D:9 (

Annotations:
D:4 Eustachio


Innate Abilities, Weirdness & Mutations

You cannot be hasted, slowed, berserked, paralysed or teleported.
You can dig through walls and to a lower floor.
Your four strong arms can wield two-handed weapons with a shield.
You have a pair of large antennae on your head. (SInv)
You have a somewhat thin skeletal structure. (Dex +2, Stealth)
Your body sometimes deteriorates upon taking damage.
Your system is resistant to poisons. (rPois)


Message History

The fire dragon closely misses you. You block the fire dragon's attack. x2
You impale the fire dragon!!
The fire dragon is heavily wounded.
You hit the fire dragon but do no damage.
The fire dragon is heavily wounded.
The fire dragon breathes flames at you. The blast of flame hits you!
Ouch! That really hurt!
* * * LOW HITPOINT WARNING * * *
Your body deteriorates!
You feel weakened.
Wield which item (- for none, * to show all)? (? for menu, Esc to quit)
Okay, then.
Okay, then.
Are you sure you want to shaft yourself?
You are feeling hungry.
You block the fire dragon's attack. x2; The fire dragon barely misses you.
You begin to dig a shaft.
You continue digging a shaft.
The fire dragon breathes flames at you. The blast of flame hits you!
You die...

###.###### #.# #).... .........#
#.# #..... .........# ##.###
###....) .........# #....##
####.......
.........#####.##..####....#.....
.........##.............####.....
.........##..########...# #.....
.........#..##.D((..##..# #.....
............# #@.# #..# ##.###
.........##.# #..# #.## #.#
##[########.# #..# #.# #.#
.#.#.#.## #.# #..# #.# #.#
........# #.####''####.# #.#
.#.#.#.####...8#..#8...# ##'###
........##....'...)'...# #....#
.#.#.#.###....8####8...# #....#
........##.............# #....'


You could see a fire dragon.

Vanquished Creatures
  Erica (D:8)
  2 two-headed ogres
  The ghost of Prakerore the Spear-Bearer, a novice MiBe of Trog (D:9)
  An orc sorcerer (D:9)
  2 trolls (D:9)
  A hungry ghost (D:9)
  Duvessa (D:7)
  An ice beast (D:9)
  An eye of draining (D:9)
  4 phantoms
  6 sky beasts
  A black bear (D:6)
  3 centaurs
  8 ogres
  3 bullfrogs
  Dowan (D:7)
  4 scorpions
  A water moccasin skeleton (D:7)
  6 killer bees
  5 howler monkeys
  3 crimson imps
  A jelly (D:9)
  A quasit (D:7)
  2 bullfrog zombies
  5 hounds
  2 orc priests (D:8)
  A gnoll shaman (D:7)
  4 orc wizards
  A bullfrog skeleton (D:4)
  4 worker ants
  A killer bee zombie (D:7)
  A hound zombie (D:9)
  A hound skeleton (D:4)
  A worker ant zombie (D:7)
  5 gnolls (D:7)
  11 adders
  A shadow imp (D:7)
  2 adder zombies
  4 worms
  5 leopard geckos
  18 orcs
  A ball python (D:2)
  9 giant cockroaches
  11 hobgoblins
  9 jackals
  4 quokkas
  2 frilled lizards
  A goblin (D:1)
  4 kobolds
  A leopard gecko skeleton (D:2)
  4 rats
173 creatures vanquished.

Vanquished Creatures (others)
  2 centaurs
2 creatures vanquished.

Grand Total: 175 creatures vanquished

Notes
Turn   | Place    | Note
-------+----------+-------------------------------------------
     0 | D:1      | grey1 the Formicid Fighter began the quest for the Orb.
     0 | D:1      | Reached XP level 1. HP: 18/18 MP: 1/1
   157 | D:1      | Reached XP level 2. HP: 24/24 MP: 2/2
   590 | D:1      | Reached skill level 4 in Shields
   590 | D:1      | Reached XP level 3. HP: 18/29 MP: 3/3
  1238 | D:2      | Reached XP level 4. HP: 32/37 MP: 4/4
  2704 | D:3      | Gained mutation: Scrolls take you a little longer to read. [potion of mutation]
  2704 | D:3      | Gained mutation: You are frail. (-10% HP) [potion of mutation]
  2704 | D:3      | Gained mutation: You have a somewhat thin skeletal structure. (Dex +2, Stealth) [potion of mutation]
  2713 | D:3      | HP: 1/49 [scorpion (3)]
  2721 | D:3      | Reached XP level 5. HP: 24/37 MP: 5/5
  3029 | D:4      | Found a hide-covered altar of Uskayaw.
  3052 | D:4      | Noticed a phantom
  3117 | D:4      | Killed a phantom
  3117 | D:4      | Reached skill level 5 in Shields
  3117 | D:4      | Reached XP level 6. HP: 41/44 MP: 6/6
  3329 | D:4      | Noticed Eustachio
  3546 | D:4      | Reached XP level 7. HP: 47/49 MP: 7/7
  3663 | D:4      | Found Geocs's Gadget Shoppe.
  3741 | D:4      | Lost mutation: Scrolls take you a little longer to read. [potion of mutation]
  3741 | D:4      | Lost mutation: You are frail. (-10% HP) [potion of mutation]
  3741 | D:4      | Gained mutation: Your body sometimes deteriorates upon taking damage. [potion of mutation]
  3741 | D:4      | Gained mutation: Your system is resistant to poisons. (rPois) [potion of mutation]
  3826 | D:5      | Entered Level 5 of the Dungeon
  3868 | D:5      | Reached skill level 5 in Armour
  3988 | D:5      | Reached skill level 5 in Fighting
  4166 | D:5      | Reached skill level 6 in Shields
  4531 | D:5      | Reached XP level 8. HP: 63/63 MP: 8/8
  5227 | D:6      | Found a staircase to the Ecumenical Temple.
  5307 | Temple   | Entered the Ecumenical Temple
  5524 | Temple   | Became a worshipper of Warmaster Okawaru
  5740 | D:6      | Reached skill level 5 in Maces & Flails
  5835 | D:6      | Found a shadowy altar of Dithmenos.
  5965 | D:6      | Reached skill level 7 in Shields
  6017 | D:6      | Found a shimmering altar of Xom.
  6236 | D:6      | Reached XP level 9. HP: 71/71 MP: 9/9
  6328 | D:6      | Reached * piety under Okawaru
  6414 | D:7      | Found Zuzxot's Armour Emporium.
  6417 | D:7      | Bought a +0 large shield for 58 gold pieces
  6489 | D:7      | Noticed Duvessa
  6489 | D:7      | Noticed Dowan
  6497 | D:7      | Killed Duvessa
  6497 | D:7      | Reached skill level 8 in Shields
  6501 | D:7      | Killed Dowan
  6609 | D:7      | Reached ** piety under Okawaru
  7011 | D:8      | Noticed Erica
  7016 | D:7      | Reached skill level 9 in Shields
  7045 | D:8      | Noticed a two-headed ogre
  7045 | D:8      | Killed Erica
  7045 | D:8      | Reached *** piety under Okawaru
  7045 | D:8      | Reached XP level 10. HP: 54/80 MP: 10/10
  7217 | D:7      | Killed a two-headed ogre
  7217 | D:7      | Reached skill level 10 in Shields
  7816 | D:8      | Reached **** piety under Okawaru
  8044 | D:8      | Found a burning altar of Makhleb.
  8293 | D:9      | Noticed a two-headed ogre
  8298 | D:9      | Killed a two-headed ogre
  8304 | D:9      | Noticed Prakerore's ghost (novice MiBe)
  8343 | D:9      | Killed Prakerore's ghost
  8343 | D:9      | Reached skill level 11 in Shields
  8343 | D:9      | Reached XP level 11. HP: 43/87 MP: 8/11
  8784 | D:9      | Received a gift from Okawaru
  8793 | D:9      | Found Naunisiu's Antique Weapon Boutique.
  8921 | D:9      | Found a large runed door.
  8921 | D:9      | Found a large runed door.
  9080 | D:9      | Reached skill level 12 in Shields
  9149 | D:9      | Noticed an orc sorcerer
  9152 | D:9      | Noticed a fire dragon
  9162 | D:9      | Killed an orc sorcerer
  9162 | D:9      | Reached ***** piety under Okawaru
  9182 | D:9      | Killed from afar by a fire dragon

Skill      XL: |  1  2  3  4  5  6  7  8  9 10 11 |
---------------+----------------------------------+-----
Shields        | 4 5 6 7 9 11 12 | 12.1
Armour         | 4 5 6 8 9 |  9.4
Fighting       | 4 5 6 8 9 |  9.4
Maces & Flails | 3 4 5 6 7 8 |  8.3

Action                   |  1- 3 |  4- 6 |  7- 9 | 10-12 || total
-------------------------+-------+-------+-------+-------++-------
Melee: Flail             |    72 |   172 |   257 |       ||   501
       Morningstar       |       |       |   130 |   244 ||   374
 Fire: Hunting sling     |       |    30 |    30 |       ||    60
       Shortbow          |       |       |     2 |    16 ||    18
Throw: Tomahawk          |       |       |     3 |       ||     3
Invok: Heroism           |       |       |       |     3 ||     3
 Abil: Dig               |       |     1 |       |     1 ||     2
       Shaft Self        |       |       |       |     1 ||     1
  Use: Potion            |     3 |     4 |     1 |     1 ||     9
       Scroll            |     1 |       |       |     2 ||     3
  Eat: Chunk             |       |     6 |    11 |     8 ||    25
       Ration            |       |     1 |       |       ||     1
Armor: Scale mail        |    31 |    45 |    49 |       ||   125
       Skin              |       |    26 |       |     3 ||    29
       Chain mail        |       |       |    20 |       ||    20
       Plate armour      |       |       |   137 |    66 ||   203
Dodge: Dodged            |    24 |    36 |    91 |    25 ||   176
Block: Shield            |    44 |   131 |   202 |       ||   377
       Reflection        |       |       |     4 |     8 ||    12
       Large shield      |       |       |   213 |   273 ||   486
